Match 46070527
Unlisted

Match 46070527
End
Pioneer Squad
Construct Infanterie Kompanie
Selects Terror Battlegroup
Selects Machine Gun Camouflage
MG 42 Machine Gun Team
MG 42 Machine Gun Team
Kettenkrad Recon Vehicle
Grenadier Squad
Selects Interrogate
Pioneer Squad
Construct Panzergrenadier Kompanie
Construct Luftwaffe Kompanie
221 Scout Car
Flak 30 Anti-aircraft Gun Team
Flak 30 Anti-aircraft Gun Team
Medical Station
Support Elements
Selects Jericho Trumpet
Construct Panzergrenadier Kompanie
Medical Bunker
Nebelwerfer 42 Rocket Launcher Team
Nebelwerfer 42 Rocket Launcher Team
Pioneer Squad
Selects V1 Rocket Strike
V1 Rocket Strike
Jericho Trumpet
Panzergrenadier Squad
Panzergrenadier Officer Quarters
Nachtschatten
Doge 👊🏻🇺🇸🔥
Ra11
PAX AJAX
0
0

Comments sign in to comment!

No comments posted yet!